 Dungeon Crawl Stone Soup version 0.24-a0-521-g122614bf49 (webtiles) character file.

Game seed: 16164562029587974001

273 Gynju the Ruffian (level 6, 0/61 HPs)
             Began as a Troll Monk on July 30, 2019.
             Killed by divine providence
             ... invoked by an orc priest
              (14 damage)
             ... on level 3 of the Dungeon.
             The game lasted 00:02:01 (1432 turns).

Gynju the Ruffian (Troll Monk)                      Turns: 1432, Time: 00:02:02

Health: 0/61       AC:  6    Str: 21    XL:     6   Next: 3%
Magic:  5/5        EV: 11    Int:  6    God:
Gold:   157        SH:  0    Dex: 13    Spells: 5/5 levels left

rFire    . . .     SeeInvis .     - Unarmed
rCold    . . .     Gourm    +   (no shield)
rNeg     . . .     Faith    .   a - +0 robe
rPois    .         Spirit   .   (helmet restricted)
rElec    .         Reflect  .   (no cloak)
rCorr    .         Harm     .   (gloves unavailable)
MR       .....                  (boots unavailable)
Stlth    ++........             (no amulet)
HPRegen  0.60/turn              (no ring)
MPRegen  0.09/turn              (no ring)

@: no status effects
A: large, unfitting armour, claws 3, fast metabolism 3, gourmand, regeneration
1, shaggy fur 1, tough skin 3
a: no special abilities


You were on level 3 of the Dungeon.
You were completely stuffed.

You visited 1 branch of the dungeon, and saw 3 of its levels.

You collected 157 gold pieces.

Inventory:

Missiles
 d - 135 stones (quivered)
 h - 3 atropa-tipped darts
 o - 3 poisoned darts
Armour
 a - a +0 robe (worn)
Jewellery
 k - a cursed -2 ring of protection {unknown}
Scrolls
 c - a scroll of fog {unknown}
 i - a scroll of remove curse {unknown}
 j - a scroll of identify {unknown}
 m - 2 scrolls of teleportation {unknown}
 n - a scroll of enchant armour {unknown}
Potions
 e - a potion of curing {unknown}
 f - 2 potions of brilliance {unknown}
 g - a potion of lignification {unknown}
 l - a potion of invisibility {unknown}
Comestibles
 b - 4 rations
 p - 7 chunks of flesh


   Skills:
 + Level 3.4 Fighting
 + Level 3.4 Dodging
 - Level 1.0 Stealth
 * Level 5.2 Unarmed Combat


You had 5 spell levels left.
You didn't know any spells.
Your spell library was empty.

Dungeon Overview and Level Annotations

Branches:
Dungeon (3/15)

Altars:
Uskayaw


Innate Abilities, Weirdness & Mutations

You are too large for most types of armour.
You have claws for hands.
Your metabolism is lightning-fast.
You like to eat raw meat.
Your natural rate of healing is unusually fast.
You are covered in fur. (AC +1)
You have extremely tough skin. (AC +3)


Message History

You are too injured to fight recklessly!
You are too injured to fight recklessly!
You are too injured to fight recklessly!
You are too injured to fight recklessly!
You are too injured to fight recklessly!
You are too injured to fight recklessly!
You are too injured to fight recklessly!
You are too injured to fight recklessly!
You are too injured to fight recklessly!
You are too injured to fight recklessly!
You are too injured to fight recklessly!
The orc hits you but does no damage.
The orc priest miscasts a cantrip.
The orc closely misses you.
The orc priest invokes the aid of Beogh against you.
Beogh smites you!
* * * LOW HITPOINT WARNING * * *
The orc priest invokes the aid of Beogh against you.
Beogh smites you!
You die...

.. .....!# ..###.....
..._...8.. ... ..!)%....#
... .......8.# ..
.........# ##..
......o8o######## #..
........wo.o.@..#####.#
##.#...########..).##.###
#...#. ####......## ##.
#. ###.##..#### # ##
###.###.<..## #...#
####.#. ##.########...
#.........##.[ #.#.......
##.


You could see a worm, an orc priest and 3 orcs.

Vanquished Creatures
  2 jellies (D:2)
  An orc wizard (D:3)
  Jessica (D:3)
  A gnoll (D:1)
  An adder (D:2)
  10 oozes
  5 dart slugs
  5 orcs (D:3)
  9 bats
  4 giant cockroaches
  4 goblins
  8 hobgoblins
  7 jackals
  2 ball pythons
  A frilled lizard (D:1)
  12 kobolds
  6 rats
79 creatures vanquished.

Vanquished Creatures (others)
  2 fungi (D:2)
  8 toadstools (D:2)
10 creatures vanquished.

Grand Total: 89 creatures vanquished

Notes
Turn   | Place    | Note
-------+----------+-------------------------------------------
     0 | D:1      | Gynju the Troll Monk began the quest for the Orb.
     0 | D:1      | Reached XP level 1. HP: 22/22 MP: 0/0
    75 | D:1      | Reached XP level 2. HP: 29/29 MP: 1/1
   258 | D:1      | Reached XP level 3. HP: 17/36 MP: 2/2
   577 | D:2      | Reached skill level 4 in Unarmed Combat
   774 | D:2      | Reached XP level 4. HP: 44/44 MP: 3/3
   936 | D:2      | Reached XP level 5. HP: 28/53 MP: 4/4
  1361 | D:3      | Noticed Jessica
  1371 | D:3      | Killed Jessica
  1371 | D:3      | Reached skill level 5 in Unarmed Combat
  1384 | D:3      | Reached XP level 6. HP: 58/61 MP: 5/5
  1418 | D:3      | Found a hide-covered altar of Uskayaw.
  1432 | D:3      | Killed from afar by an orc priest

Levels and vault maps discovered:
D:1:      dpeg_arrival_stone_temple_mockup, layout_rooms, serial_park_tiny_pond
D:2:      cheibrodos_fertilizer, layout_loops_ring
D:3:      layout_rooms, eat_drink_and_be_merry_uskayaw, lemuel_crystal_altar,
          serial_forest, infiniplex_forest_clump_long,
          infiniplex_forest_clump_tiny, infiniplex_forest_lined_corner,
          infiniplex_forest_clump_small, infiniplex_forest_lined_corner,
          infiniplex_forest_end_1, corexii_corridor_pit, bloody_makhleb,
          uniq_grinder, uniq_jessica

Skill      XL: |  1  2  3  4  5 |
---------------+----------------+-----
Unarmed Combat | 4 5 |  5.2
Dodging        | 3 |  3.4
Fighting       | 3 |  3.4
Stealth        | |  1.0

Action                   |  1- 3 |  4- 6 || total
-------------------------+-------+-------++-------
Melee: Unarmed           |    92 |    78 ||   170
       Punch             |     1 |     2 ||     3
 Stab: Sleeping          |     1 |     1 ||     2
  Eat: Chunk             |    13 |     6 ||    19
Armor: Robe              |    38 |    26 ||    64
Dodge: Dodged            |    61 |    65 ||   126

Table legend:
 A = Non-vault XP
 B = Vault XP
 C = Vault XP percentage of total XP
 D = Non-vault monster count
 E = Vault monster count
 F = Vault count percentage of total count
                 A         B        C        D         E       F
            +---------+---------+-------+---------+---------+-------
      Total |     195 |     196 |  50.1 |      62 |      17 |  21.5
            +---------+---------+-------+---------+---------+-------
        D:1 |      59 |       0 |   0.0 |      23 |       0 |   0.0
        D:2 |      72 |     159 |  68.8 |      28 |      16 |  36.4
        D:3 |      64 |      37 |  36.6 |      11 |       1 |   8.3
            +---------+---------+-------+---------+---------+-------
